 Dungeon Crawl Stone Soup version 0.30-a0-715-gdb4ae3ece1 (console) character file.

Game seed: 5285716237283508914

9541 Ignak the Trooper (level 11, -6/109 HPs)
             Began as an Ogre Hedge Wizard on Jan 24, 2023.
             Was an Elder of Okawaru.
             Mangled by an orc warlord
             ... wielding a +0 glaive
              (20 damage)
             ... on level 2 of the Orcish Mines.
             The game lasted 00:27:15 (11337 turns).

Ignak the Trooper (Ogre Hedge Wizard)              Turns: 11337, Time: 00:27:16

Health: -6/109     AC: 10    Str: 18    XL:     11   Next: 48%
Magic:  1/21       EV: 15    Int: 17    God:    Okawaru [****..]
Gold:   330        SH:  4    Dex:  8    Spells: 7/24 levels left

rFire   + . .      SeeInvis .    H - +10 war axe of Freehold {vamp, rElec}
rCold   . . .      Faith    .    (no shield)
rNeg    . . .      Spirit   .    G - +0 steam dragon scales
rPois   +          Reflect  .    c - +0 hat
rElec   +          Harm     .    s - +2 cloak
rCorr   +          Rampage  .    (gloves unavailable)
Will    +....                    (boots unavailable)
Stlth   ++                       L - amulet of regeneration
HPRegen 1.18/turn                m - +5 ring of evasion
MPRegen 0.17/turn                x - ring of resist corrosion

@: no status effects
A: large, unfitting armour, tough skin 1, large bone plates 1, fire resistance
1, poison resistance
a: Renounce Religion, Heroism, Finesse


You were on level 2 of the Orcish Mines.
You worshipped Okawaru.
Okawaru was greatly pleased with you.
You visited 3 branches of the dungeon, and saw 13 of its levels.
You also visited: Ossuary.

You collected 570 gold pieces.
You spent 240 gold pieces at shops.

Inventory:

Hand Weapons
 i - a +0 broad axe
 A - a +0 giant spiked club
 B - a +5 flail of draining
 H - the +10 war axe of Freehold (weapon) {vamp, rElec}
   (You found it on level 8 of the Dungeon)

   rElec:     It insulates you from electricity.
Missiles
 g - 2 silver javelins
 q - 24 poisoned darts (quivered)
 J - 4 throwing nets
 M - a large rock
Armour
 c - a +0 hat (worn)
 j - a +0 robe of willpower
 s - a +2 cloak (worn)
 G - +0 steam dragon scales (worn)
Jewellery
 h - a ring of poison resistance
 m - a +5 ring of evasion (left hand)
 x - a ring of resist corrosion (right hand)
 z - a ring of ice
 L - an amulet of regeneration (around neck)
Wands
 t - a wand of flame (21)
 u - a wand of digging (2)
 I - a wand of light (10)
Scrolls
 n - 2 scrolls of blinking
 p - a scroll of enchant armour
 r - 3 scrolls of poison
 y - a scroll of brand weapon
 D - a scroll of immolation
 E - a scroll of fog
 F - 2 scrolls of teleportation
Potions
 a - 8 potions of lignification
 b - a potion of brilliance
 d - a potion of resistance {unknown}
 e - 4 potions of curing
 f - a potion of heal wounds
 k - a potion of might
 l - a potion of flight
 o - 2 potions of berserk rage
 v - a potion of ambrosia
 w - 2 potions of mutation
 C - a potion of invisibility


   Skills:
 + Level 7.2 Fighting
 * Level 4.3(5.6) Axes
 - Level 5.0(5.7) Maces & Flails
 - Level 4.0 Armour
 + Level 5.3 Dodging
 - Level 2.1 Stealth
 - Level 1.0 Unarmed Combat
 + Level 7.0 Spellcasting
 + Level 4.2 Conjurations
 - Level 1.4 Summonings
 + Level 5.2 Translocations
 - Level 6.0 Fire Magic
 - Level 2.0 Air Magic
 * Level 4.7 Poison Magic


You had 7 spell levels left.
You knew the following spells:

 Your Spells              Type           Power      Damage    Failure   Level
a - Magic Dart            Conj           80%        1d7       1%          1
b - Blink                 Tloc           46%        N/A       1%          2
d - Mephitic Cloud        Conj/Pois/Air  18%        N/A       8%          3
f - Sticky Flame          Conj/Fire      23%        2d4       14%         4
x - Ignite Poison         Fire/Tmut/Pois 18%        N/A       8%          3
z - Olgreb's Toxic Radia  Pois           22%        N/A       17%         4

Your spell library contained the following spells:

 Spells                   Type           Power      Damage    Failure   Level
 Apportation              Tloc           46%        N/A       1%          1
 Sting                    Tmut/Pois      56%        1d5       4%          1
 Poisonous Vapours        Pois/Air       34%        N/A       4%          2
 Gell's Gravitas          Tloc           23%        N/A       4%          3
 Teleport Other           Tloc           23%        N/A       4%          3
 Cigotuvi's Dreadful Rot  Necr/Pois/Air  26%        N/A       7%          2
 Necrotise                Necr           24%        1d5       12%         1
 Slow                     Hex            24%        N/A       12%         1
 Spider Form              Tmut/Pois      14%        N/A       13%         3
 Ensorcelled Hibernation  Hex/Ice        12%        N/A       17%         2
 Confusing Touch          Hex            6%         N/A       34%         3
 Vampiric Draining        Necr           6%         2d6       34%         3
 Anguish                  Hex/Necr       3%         N/A       75%         4
 Dispersal                Tloc           11%        N/A       91%         6
 Ignition                 Fire           13%        3d6       100%        8
 Summon Small Mammal      Summ           Unusable   N/A       N/A         1
 Call Imp                 Summ           Unusable   N/A       N/A         2

Dungeon Overview and Level Annotations

Branches:
Dungeon (10/15)            Temple (1/1) D:4             Orc (2/2) D:9
Ossuary (visited)
   Lair: D:8-11         Elf: Orc:2

Altars:
Ashenzari
Cheibriados
Dithmenos
Fedhas
Gozag
Hepliaklqana
Kikubaaqudgha
Makhleb
Nemelex Xobeh
Okawaru
Qazlal
Ru
Sif Muna
Trog
Uskayaw
Vehumet
Wu Jian
Xom
Yredelemnul
Zin

Shops:
D:4 :   D:8 :


Innate Abilities, Weirdness & Mutations

You are too large for most types of armour.
You have tough skin. (AC +1)
You are partially covered in large bone plates. (SH +4)
Your flesh is heat resistant. (rF+)
Your system is resistant to poisons. (rPois)


Message History

You slash the orc warlord!
You feel better.
The orc warlord is severely wounded.
The orc warlord hits you with a +0 glaive!
The orc warlord hits you with a +0 glaive!!
Casting: Olgreb's Toxic Radiance (dangerous; 17% risk of failure)
Confirm with . or Enter, or press ? or * to list all spells.
You ignite the poison in your surroundings!
The orc warlord seems to burn from within!
The orc warlord is severely wounded.
The orc warlord hits you with a +0 glaive.
Casting: Ignite Poison (mildly dangerous; 8% risk of failure)
Confirm with . or Enter, or press ? or * to list all spells.
You begin to radiate toxic energy.
The orc warlord is poisoned.
The orc warlord looks even sicker.
The orc warlord hits you with a +0 glaive!!
* * * LOW HITPOINT WARNING * * *
You feel much better.
The orc warlord looks even sicker.
Your toxic aura wanes.
The orc warlord hits you but does no damage.
You hit the orc warlord but do no damage.
The orc warlord is almost dead.
The orc warlord hits you with a +0 glaive!
* * * LOW HITPOINT WARNING * * *
You barely miss the orc warlord.
You punch the orc warlord, but do no damage.
The orc warlord is almost dead.
The orc warlord hits you with a +0 glaive.
* * * LOW HITPOINT WARNING * * *
Press: ? - help, v - describe, . - travel
Here: an orc warlord, wielding a +0 glaive and wearing a +1 plate armour of fire resistance (almost dead, very poisoned)
The floor, spattered with blood.
You hit the orc warlord but do no damage.
The orc warlord is almost dead.
The orc warlord misses you.
You hit the orc warlord.
You feel better.
The orc warlord is almost dead.
The orc warlord hits you with a +0 glaive!
* * * LOW HITPOINT WARNING * * *
The orc warlord hits you with a +0 glaive!!
You die...

...... ##.....$.....#
......#
#....†........
......##....)........
#...........#......
#...........#......
#....)..)#.###.....
####....).### #....
#.....)o)..## ....
#.......†@(..## ...
##......)<....#
......###.....#
......# ##....#
...... ....... ...##
.$..... ..$ .......
....... .......


You could see an orc warlord (very poisoned).

Vanquished Creatures
  Harold (D:9)
  A two-headed ogre (D:9)
  A cyclops (Orc:2)
  An unseen horror (D:9)
  2 trolls
  A wyvern (D:9)
  5 yaks (D:8)
  A steam dragon (D:8)
  Menkaure (D:4)
  Edmund (D:6)
  2 wargs (Orc:2)
  A swamp worm (D:9)
  Duvessa (D:6)
  A water moccasin (D:6)
  A sky beast (D:8)
  3 ice beasts
  15 orc warriors
  A black bear (D:6)
  4 ogres
  2 centaurs
  A phantom (D:5)
  3 kobold brigands
  6 bullfrogs
  A necrophage (D:7)
  6 scorpions
  Dowan (D:6)
  5 water moccasin zombies (Ossuary)
  4 wights (D:7)
  9 killer bees
  2 jellies (D:6)
  Crazy Yiuf (D:2)
  8 orc priests
  An iron imp (D:5)
  6 iguanas
  11 orc wizards
  Natasha (thrice) (D:2)
  3 mummies
  7 adders
  2 ufetubi
  6 adder zombies (Ossuary)
  A worm (D:3)
  A dart slug (D:4)
  62 orcs
  5 endoplasms
  A giant cockroach (D:1)
  11 goblins
  A hobgoblin (D:1)
  2 jackals (D:2)
  13 kobolds
  4 quokkas
  7 ball pythons
  4 bats
  2 frilled lizards
  3 gnoll zombies (Ossuary)
  4 hobgoblin zombies
  6 kobold zombies
  4 orc zombies (Ossuary)
  6 rats
269 creatures vanquished.

Vanquished Creatures (collateral kills)
  An iguana (D:4)
  An adder (D:2)
  A hobgoblin (D:2)
  A jackal (D:2)
  3 kobolds
7 creatures vanquished.

Vanquished Creatures (others)
  2 plants (D:9)
2 creatures vanquished.

Grand Total: 278 creatures vanquished

Notes
Turn   | Place    | Note
-------+----------+-------------------------------------------
     0 | D:1      | Ignak the Ogre Hedge Wizard began the quest for the Orb.
     0 | D:1      | Reached XP level 1. HP: 16/16 MP: 5/5
   190 | D:1      | Reached skill level 1 in Translocations
   194 | D:1      | Reached skill level 1 in Conjurations
   194 | D:1      | Reached skill level 1 in Summonings
   246 | D:1      | Reached XP level 2. HP: 8/26 MP: 1/6
   604 | D:1      | Found a faded altar of an unknown god.
   729 | D:1      | Reached skill level 1 in Fighting
   985 | D:1      | Learned a level 2 spell: Blink
   988 | D:1      | Learned a level 2 spell: Call Imp
  1212 | D:2      | Reached XP level 3. HP: 33/33 MP: 5/8
  1483 | D:2      | Noticed Natasha
  1491 | D:2      | Killed Natasha
  1492 | D:2      | Reached XP level 4. HP: 38/41 MP: 6/9
  1497 | D:2      | Learned a level 3 spell: Mephitic Cloud
  1689 | D:2      | Noticed Natasha
  1702 | D:2      | Killed Natasha
  1703 | D:2      | Reached skill level 1 in Unarmed Combat
  1978 | D:2      | Found a runed translucent door.
  1979 | D:2      | Noticed Crazy Yiuf
  1998 | D:2      | Killed Crazy Yiuf
  1999 | D:2      | Reached XP level 5. HP: 49/49 MP: 2/11
  2287 | D:2      | Noticed Natasha
  2298 | D:2      | Killed Natasha
  2447 | D:3      | Reached skill level 1 in Armour
  2599 | D:3      | You fall into a shaft and drop 2 floors!
  2599 | D:5      | Entered Level 5 of the Dungeon
  2637 | D:4      | Noticed Menkaure
  2699 | D:4      | Found Xuorgh's Self-Improvement Boutique.
  2834 | D:4      | Killed Menkaure
  2835 | D:4      | Reached skill level 1 in Air Magic
  2835 | D:4      | Reached skill level 1 in Poison Magic
  2835 | D:4      | Reached XP level 6. HP: 18/59 MP: 7/12
  3005 | D:4      | Identified the +1 falchion of Xeonen Rarah {pain, +Blink
                  | Stlth+}
  4595 | D:4      | Reached XP level 7. HP: 60/66 MP: 10/13
  4767 | D:4      | Found a staircase to the Ecumenical Temple.
  4776 | Temple   | Entered the Ecumenical Temple
  4940 | D:5      | Reached skill level 1 in Maces & Flails
  5172 | D:5      | Learned a level 4 spell: Sticky Flame
  5426 | D:5      | Found an opulent altar of Gozag.
  5427 | D:5      | Found a sparkling altar of Nemelex Xobeh.
  5451 | D:5      | Found a burning altar of Makhleb.
  5629 | D:6      | Found an ancient bone altar of Kikubaaqudgha.
  5677 | D:6      | Reached skill level 1 in Fire Magic
  5677 | D:6      | Reached XP level 8. HP: 53/75 MP: 12/15
  6068 | D:6      | Noticed Edmund
  6094 | D:6      | Killed Edmund
  6211 | D:6      | Reached skill level 5 in Spellcasting
  6699 | D:6      | Noticed Duvessa
  6699 | D:6      | Noticed Dowan
  6707 | D:6      | Killed Duvessa
  6715 | D:6      | Reached XP level 9. HP: 68/85 MP: 14/17
  6721 | D:6      | Killed Dowan
  7231 | D:7      | Found a sand-covered staircase.
  7239 | Ossuary  | Entered an ossuary
  7430 | Ossuary  | Reached skill level 5 in Fighting
  7500 | D:7      | HP: 6/132 [killer bee (3)]
  7821 | D:7      | Found an iron altar of Okawaru.
  7829 | D:7      | Became a worshipper of Warmaster Okawaru
  8139 | D:7      | Reached * piety under Okawaru
  8640 | D:8      | Found Pacoutz's Book Shop.
  8651 | D:8      | Bought a Young Poisoner's Handbook for 240 gold pieces
  8662 | D:8      | Reached XP level 10. HP: 54/92 MP: 19/19
  8674 | D:8      | Learned a level 4 spell: Olgreb's Toxic Radiance
  8886 | D:8      | Reached skill level 5 in Maces & Flails
  8981 | D:8      | Found an ornate altar of the Wu Jian Council.
  9005 | D:8      | Identified the +10 war axe of Freehold {vamp, rElec}
  9215 | D:8      | Gained mutation: Your flesh is heat resistant. (rF+)
                  | [potion of mutation]
  9215 | D:8      | Gained mutation: Your system is resistant to poisons.
                  | (rPois) [potion of mutation]
  9215 | D:8      | Gained mutation: You are partially covered in large bone
                  | plates. (SH +4) [potion of mutation]
  9325 | D:8      | Reached ** piety under Okawaru
  9326 | D:8      | Reached skill level 1 in Axes
  9352 | D:8      | Found a radiant altar of Vehumet.
  9394 | D:8      | Found a shimmering altar of Xom.
  9632 | D:9      | Killed an unseen horror
  9633 | D:9      | Reached skill level 5 in Fire Magic
  9762 | D:9      | Found a snail-covered altar of Cheibriados.
  9776 | D:9      | Found a broken altar of Ashenzari.
  9780 | D:9      | Saw a vision of the Shoals and the Snake Pit.
  9780 | D:9      | Noticed a shock serpent
  9780 | D:9      | Noticed a black mamba
  9780 | D:9      | Noticed a manticore
  9780 | D:9      | Noticed a manticore
  9780 | D:9      | Noticed a merfolk siren
  9781 | D:9      | Noticed a merfolk aquamancer
  9781 | D:9      | Noticed a black mamba
  9839 | D:9      | Found a staircase to the Orcish Mines.
 10056 | D:9      | Noticed a two-headed ogre
 10068 | D:9      | Killed a two-headed ogre
 10068 | D:9      | Reached *** piety under Okawaru
 10274 | D:9      | Noticed Harold
 10290 | D:9      | Killed Harold
 10291 | D:9      | Reached XP level 11. HP: 60/107 MP: 19/21
 10596 | D:9      | Identified the +5 morningstar of Ohuih {vamp, rPois Str+3}
 10744 | D:10     | Entered Level 10 of the Dungeon
 10757 | D:9      | Reached **** piety under Okawaru
 10758 | D:9      | Reached skill level 5 in Dodging
 10882 | Orc:1    | Entered Level 1 of the Orcish Mines
 10891 | Orc:1    | Reached skill level 5 in Translocations
 10896 | Orc:1    | Received a gift from Okawaru
 10917 | D:9      | Learned a level 3 spell: Ignite Poison
 11062 | Orc:1    | Found a radiant altar of Vehumet.
 11232 | Orc:2    | Entered Level 2 of the Orcish Mines
 11252 | Orc:2    | Noticed a cyclops
 11253 | Orc:2    | Noticed an orc warlord
 11325 | Orc:2    | Killed a cyclops
 11337 | Orc:2    | Mangled by an orc warlord

Illustrated notes

Levels and vault maps discovered:
D:1:      dpeg_arrival_round_b, layout_loops_ring,
          ebering_ecumenical_altar_webs, item_on_display_a
D:2:      layout_basic, uniq_natasha, uniq_crazy_yiuf_cottage
D:3:      layout_basic
D:4:      layout_basic, minmay_temple_entry_poolview, nicolae_shop_self_help,
          uniq_menkaure
D:5:      layout_loops_cross, grunt_temple_overflow_opulence,
          makhleb_grotto_becter
D:6:      layout_cave_pods, lemuel_tele_altar, uniq_edmund, uniq_duvessa
D:7:      layout_basic, mainiacjoe_overflow_tiny_flanked,
          nicolae_ossuary_entry_giza, enter_bailey_5
D:8:      layout_basic, fiery_altar_vehumet, overflow_temple_1_default,
          mainiacjoe_overflow_alcove_1, serial_shops, nicolae_shop_trees
D:9:      layout_roguey, grunt_ashenzari_visionary
          [grunt_ashenzari_visionary_shoals, grunt_ashenzari_visionary_snake],
          mainiacjoe_overflow_six_doors_small, hiddenorc2_lemuel, worms_lemuel,
          uniq_harold
D:10:     layout_basic, mainiacjoe_overflow_alcove_4,
          mainiacjoe_overflow_cross_hatched
Temple:   hellmonk_temple_micro_hex
Orc:1:    layout_caves, portal_ice_cave_entry_ice_simulacra,
          hangedman_feature_mirror
Orc:2:    grunt_orc_cross, layout_diamond_mine, basic_altar

Skill      XL: |  1  2  3  4  5  6  7  8  9 10 11 |
---------------+----------------------------------+-----
Translocations | 1 2 3 4 5 |  5.2
Conjurations   | 1 2 3 4 |  4.2
Summonings     | 1 |  1.4
Fighting       | 1 2 3 4 5 6 7 |  7.2
Dodging        | 2 3 4 5 |  5.3
Unarmed Combat | 1 |  1.0
Spellcasting   | 4 5 6 7 |  7.0
Armour         | 1 2 3 4 |  4.0
Stealth        | 2 |  2.1
Air Magic      | 1 2 |  2.0
Poison Magic   | 1 2 3 4 |  4.7
Maces & Flails | 1 3 4 5 |  5.0
Fire Magic     | 1 2 4 5 6 |  6.0
Axes           | 3 4 |  4.3

Action                     |  1- 3 |  4- 6 |  7- 9 | 10-12 || total
---------------------------+-------+-------+-------+-------++-------
  Melee: Dagger            |    41 |       |       |       ||    41
         Whip              |    26 |       |       |       ||    26
         Short sword       |    40 |    25 |       |       ||    65
         Quarterstaff      |       |    71 |    68 |       ||   139
         Flail             |       |       |   251 |    22 ||   273
         Punch             |       |       |     3 |     4 ||     7
         War axe           |       |       |       |   238 ||   238
  Throw: Dart              |       |     1 |    15 |       ||    16
   Cast: Magic Dart        |     8 |     1 |       |       ||     9
         Call Imp          |     4 |     7 |    16 |       ||    27
         Mephitic Cloud    |       |     3 |    10 |     1 ||    14
         Blink             |       |     1 |     6 |       ||     7
         Sticky Flame      |       |       |     2 |     1 ||     3
         Olgreb's Toxic Ra |       |       |       |    11 ||    11
         Ignite Poison     |       |       |       |     3 ||     3
 Invoke: Heroism           |       |       |       |     1 ||     1
  Evoke: Wand              |       |       |     1 |     1 ||     2
    Use: Scroll            |       |     5 |     5 |     9 ||    19
         Potion            |       |     2 |     5 |     4 ||    11
   Stab: Sleeping          |     4 |     4 |     1 |     1 ||    10
         Confused          |       |     1 |     5 |       ||     6
         Distracted        |       |       |     1 |       ||     1
 Armour: Robe              |    52 |    19 |    98 |     4 ||   173
         Skin              |       |       |    22 |       ||    22
         Steam dragon scal |       |       |       |    60 ||    60
  Dodge: Dodged            |    87 |    66 |   288 |   201 ||   642
  Block: Other             |       |       |       |    51 ||    51

Table legend: (Time is in decaauts)
 A = Elapsed time spent in this place.
 B = Non-inter-level travel time spent in this place.
 C = Inter-level travel time spent in this place.
 D = Time resting spent in this place.
 E = Time spent auto-exploring this place.
 F = Levels seen in this place.
 G = Mean time per level.
                   A        B        C        D        E       F      G
               +--------+--------+--------+--------+--------+-----+--------+
         Total |  11522 |  11251 |    271 |    972 |   6841 |  14 |  823.0 |
       Dungeon |  10905 |  10634 |    271 |    972 |   6841 |  10 | 1090.5 |
        Temple |     13 |     13 |      0 |      0 |      0 |   1 |   13.0 |
  Orcish Mines |    354 |    354 |      0 |      0 |      0 |   2 |  177.0 |
       Ossuary |    248 |    248 |      0 |      0 |      0 |   1 |  248.0 |
               +--------+--------+--------+--------+--------+-----+--------+

Top non-repeatable levels by time:
     D:6: 1639 daAuts
     D:2: 1474 daAuts
     D:9: 1345 daAuts
     D:4: 1323 daAuts
     D:8: 1182 daAuts
     D:3: 1030 daAuts
     D:7: 1007 daAuts
     D:1: 988 daAuts
     D:5: 800 daAuts
   Orc:1: 286 daAuts
 Ossuary: 248 daAuts
    D:10: 113 daAuts
   Orc:2: 68 daAuts
  Temple: 13 daAuts
